 Dungeon Crawl Stone Soup version 0.23-a0-183-gf37f6fb (webtiles) character file.

135 Felrender the Shield-Bearer (level 4, -3/41 HPs)
             Began as a Minotaur Fighter on Sept 22, 2018.
             Killed by divine providence
             ... invoked by an orc priest
              (16 damage)
             ... on level 3 of the Dungeon.
             The game lasted 00:07:10 (2017 turns).

Felrender the Shield-Bearer (Minotaur Fighter)      Turns: 2017, Time: 00:07:10

Health: -3/41      AC: 11    Str: 20    XL:     4   Next: 96%
Magic:  3/3        EV:  6    Int:  5    God:
Gold:   260        SH: 10    Dex: 16    Spells: 3/3 levels left

rFire    . . .     SeeInvis .   a - +1 war axe
rCold    . . .     Gourm    .   c - +0 shield
rNeg     . . .     Faith    .   m - +0 chain mail
rPois    .         Spirit   .   (helmet restricted)
rElec    .         Reflect  .   s - +0 cloak
rCorr    .         Harm     .   (no gloves)
MR       .....                  j - +0 pair of boots
Stlth    ..........             h - amulet of magic regeneration
HPRegen  0.13/turn              e - +2 ring of dexterity
MPRegen  0.33/turn              k - +3 ring of dexterity

@: no status effects
A: retaliatory headbutt, horns 2
a: no special abilities


You were on level 3 of the Dungeon.
You were not hungry.

You visited 1 branch of the dungeon, and saw 3 of its levels.

You collected 260 gold pieces.

Inventory:

Hand Weapons
 a - a +1 war axe (weapon)
 w - a +1 rapier of draining
Armour
 c - a +0 shield (worn)
 j - a +0 pair of boots (worn)
 l - a cursed +0 ring mail
 m - a +0 chain mail (worn)
 s - a +0 cloak (worn)
Jewellery
 b - a cursed -3 ring of strength {unknown}
 e - a +2 ring of dexterity (left hand)
 h - an amulet of magic regeneration (around neck)
 k - a +3 ring of dexterity (right hand)
 r - a +3 amulet of reflection {unknown}
Wands
 q - a wand of enslavement (22)
 x - a wand of paralysis (11)
Scrolls
 n - 2 scrolls of magic mapping
 p - a scroll of amnesia
 t - a scroll of fog
 y - a scroll of remove curse
Potions
 d - 2 potions of might
 g - a potion of ambrosia {unknown}
 i - 3 potions of brilliance {unknown}
 o - a potion of heal wounds {unknown}
 u - a potion of mutation {unknown}
 v - a potion of flight {unknown}
Comestibles
 f - 4 rations
 z - 4 chunks of flesh


   Skills:
 + Level 4.5 Fighting
 + Level 4.0 Axes
 + Level 4.3 Armour
 + Level 1.0 Dodging
 + Level 4.6 Shields


You had 3 spell levels left.
You didn't know any spells.
Your spell library was empty.

Dungeon Overview and Level Annotations

Branches:
Dungeon (3/15)

Altars:
Kikubaaqudgha


Innate Abilities, Weirdness & Mutations

You reflexively headbutt those who attack you in melee.
You have a pair of horns on your head.


Message History

You hear a shout!
An orc comes into view. It is wielding a mace.
The orc shouts!
You see here a flail.
You closely miss the orc priest. You headbutt the orc priest.
The orc priest is moderately wounded.
The orc priest barely misses you.
You hit the orc but do no damage. You headbutt the orc, but do no damage.
The orc hits you but does no damage.
You barely miss the orc. The orc hits you but does no damage.
Your shield and chain mail prevent you from hitting the orc.
Your headbutt misses the orc. The orc barely misses you.
You furiously retaliate!
You headbutt the orc.
The orc priest invokes the aid of Beogh against you.
Beogh smites you!
You closely miss the orc. You headbutt the orc.
You kill the orc!
The orc priest calls down the wrath of Beogh upon you.
Beogh smites you!
You die...

#.# ######...# #...#...##.
#.# #........# #...#...##.
#.# #........# #...#...##.
#.###........##
#...#...##.
#...'.........#
#...#...###
#####<......#.# #...#...#
#....[..#.# #...#...#
#.......#.# #..>#...#
#.......#@# #####...#
#########o##### #...#
#........o....# #...#
#.............# ##...###
#.............# #.......
#.............# #...(...
#.............# #.......
#....._.......# #.(.....
#.............#####(......


You could see an orc priest and an orc.

Vanquished Creatures
  2 adders (D:3)
  2 oozes (D:1)
  4 worms (D:2)
  A dart slug (D:2)
  A leopard gecko (D:2)
  7 orcs (D:3)
  2 giant cockroaches
  8 goblins
  5 hobgoblins
  15 jackals
  7 kobolds
  A quokka (D:3)
  2 ball pythons
  10 bats
  5 frilled lizards
  9 rats
81 creatures vanquished.

Notes
Turn   | Place    | Note
-------+----------+-------------------------------------------
     0 | D:1      | Felrender the Minotaur Fighter began the quest for the Orb.
     0 | D:1      | Reached XP level 1. HP: 19/19 MP: 0/0
   126 | D:1      | Reached XP level 2. HP: 27/27 MP: 1/1
   316 | D:1      | Reached XP level 3. HP: 33/33 MP: 2/2
   912 | D:2      | Reached skill level 1 in Dodging
  1087 | D:2      | Reached XP level 4. HP: 40/40 MP: 3/3
  1464 | D:3      | Found an ancient bone altar of Kikubaaqudgha.
  2017 | D:3      | Killed from afar by an orc priest

Vault maps used:
D:1:      moated_graveyard_arrival, st_stairs_1
D:2:      minmay_misc_feat_enclosed, minmay_heptomino_o4
D:3:      overflow_temple_1_default, minmay_joined_circles

Skill      XL: |  1  2  3  4 |
---------------+-------------+-----
Fighting       | 4 |  4.5
Shields        | 4 |  4.6
Armour         | 4 |  4.3
Axes           | 3 4 |  4.0
Dodging        | 1 |  1.0

Action                   |  1- 3 |  4- 6 || total
-------------------------+-------+-------++-------
Melee: War axe           |   110 |    91 ||   201
       Headbutt          |    12 |    15 ||    27
  Use: Scroll            |     4 |     6 ||    10
  Eat: Chunk             |     1 |     3 ||     4
Armor: Scale mail        |    51 |       ||    51
       Chain mail        |    14 |    44 ||    58
Dodge: Dodged            |    43 |    17 ||    60
Block: Shield            |    76 |    53 ||   129

Table legend:
 A = Non-vault XP
 B = Vault XP
 C = Vault XP percentage of total XP
 D = Non-vault monster count
 E = Vault monster count
 F = Vault count percentage of total count
                 A         B        C        D         E       F
            +---------+---------+-------+---------+---------+-------
      Total |     152 |      41 |  21.2 |      67 |      14 |  17.3
            +---------+---------+-------+---------+---------+-------
        D:1 |      49 |       4 |   7.5 |      24 |       3 |  11.1
        D:2 |      50 |       7 |  12.3 |      22 |       2 |   8.3
        D:3 |      53 |      30 |  36.1 |      21 |       9 |  30.0
            +---------+---------+-------+---------+---------+-------
